Map: Frost LE

Players

Luke

  • Race: Protoss Protoss
  • League: Master

Drager - Winner!

  • Race: Protoss Protoss
  • League: Master

VOD

https://www.youtube.com/channel/UCcSgNfDNxvyisU-eCj9xyNg/playlists

Description

Time

  • Played on: Aug. 27, 2016, 5:37 a.m.
  • Length: 8:35
Show
View Real Time Build Order
Export as new Build Order

Luke Protoss 

Build Orders: Blink Stalkers 

Get SALT Encoding   

  12  0:00  Probe (Chrono Boost)  
  13  0:11  Probe (Chrono Boost)  
  14  0:20  Pylon  
  14  0:22  Probe (Chrono Boost)  
  15  0:38  Probe (Chrono Boost)  
  15  0:40  Gateway  
  16  0:48  Probe (Chrono Boost)  
  17  0:50  Assimilator  
  17  0:59  Probe (Chrono Boost)  
  17  1:00  Assimilator  
  18  1:09  Probe (Chrono Boost)  
  19  1:20  Probe (Chrono Boost)  
  20  1:28  Cybernetics Core  
  20  1:31  Probe (Chrono Boost)  
  21  1:33  Pylon  
  21  1:41  Probe (Chrono Boost)  
  22  1:52  Probe (Chrono Boost)  
  23  2:03  Nexus  
  23  2:09  Adept  
  27  2:15  Mothership Core (Chrono Boost)  
  27  2:20  Warp Gate  
  27  2:25  Pylon  
  27  2:34  Probe (Chrono Boost)  
  29  2:44  Probe (Chrono Boost)  
  29  2:49  Twilight Council  
  29  2:55  Probe (Chrono Boost)  
  29  2:57  Gateway  
  29  3:11  Probe (Chrono Boost)  
  30  3:13  Blink  
  30  3:21  Probe (Chrono Boost)  
  30  3:22  Probe (Chrono Boost)  
  30  3:26  Stalker  
  32  3:35  Gateway  
  32  3:40  Probe x2 (Chrono Boost)  
  34  3:50  Probe (Chrono Boost)  
  34  3:53  Probe (Chrono Boost)  
  36  4:00  Assimilator  
  36  4:01  Probe (Chrono Boost)  
  37  4:05  Probe (Chrono Boost)  
  37  4:06  Robotics Facility  
  38  4:12  Probe (Chrono Boost)  
  40  4:17  Probe (Chrono Boost)  
  40  4:22  Probe (Chrono Boost)  
  41  4:29  Probe (Chrono Boost)  
  41  4:30  Stalker  
  44  4:32  Sentry  
  44  4:33  Probe (Chrono Boost)  
  44  4:36  Stalker  
  49  4:41  Probe (Chrono Boost)  
  49  4:43  Probe (Chrono Boost), Pylon  
  51  4:47  Pylon  
  51  4:49  Gateway  
  52  4:53  Probe (Chrono Boost)  
  52  4:54  Observer  
  52  4:55  Gateway  
  53  5:03  Stalker x2  
  53  5:06  Stalker  
  59  5:11  Probe (Chrono Boost)  
  60  5:18  Gateway  
  60  5:27  Stalker  
  62  5:28  Stalker  
  62  5:32  Stalker  
  66  5:40  Probe (Chrono Boost), Observer  
  68  5:47  Probe (Chrono Boost)  
  69  5:52  Probe (Chrono Boost)  
  70  6:02  Pylon  
  70  6:04  Pylon  
  70  6:13  Nexus  
  70  6:21  Immortal  
  70  6:22  Stalker x3  
  70  6:23  Stalker  
  70  6:24  Pylon, Stalker  
  84  6:27  Stalker  
  82  6:47  Stalker x5  
  82  6:50  Probe (Chrono Boost)  
  82  6:51  Probe (Chrono Boost)  
  88  7:10  Pylon  
  88  7:14  Pylon  
  88  7:22  Immortal  
  88  7:25  Probe (Chrono Boost)  
  88  7:26  Probe (Chrono Boost)  
  88  7:27  Stalker x3  
  101  7:38  Probe (Chrono Boost), Stalker  
  101  7:39  Stalker x2  
  101  7:58  Stalker x3  
  78  8:13  Stalker x3  
Show
View Real Time Build Order
Export as new Build Order

Drager Protoss - Winner!

Build Orders: Zealot Archon 

Get SALT Encoding   

  12  0:01  Probe (Chrono Boost)  
  13  0:11  Probe (Chrono Boost)  
  14  0:18  Pylon  
  14  0:22  Probe (Chrono Boost)  
  15  0:36  Probe (Chrono Boost)  
  15  0:37  Gateway  
  16  0:46  Assimilator  
  16  0:47  Probe (Chrono Boost)  
  17  0:57  Probe (Chrono Boost)  
  17  0:58  Assimilator  
  18  1:08  Probe (Chrono Boost)  
  18  1:10  Gateway  
  20  1:18  Probe (Chrono Boost)  
  20  1:24  Cybernetics Core  
  20  1:29  Probe (Chrono Boost)  
  21  1:34  Pylon  
  21  1:39  Probe (Chrono Boost)  
  22  1:50  Probe (Chrono Boost)  
  23  2:00  Warp Gate  
  25  2:01  Mothership Core (Chrono Boost)  
  25  2:13  Nexus  
  25  2:30  Stalker x2  
  25  2:33  Probe (Chrono Boost)  
  30  2:43  Pylon  
  30  2:46  Probe (Chrono Boost)  
  31  3:01  Stalker x2  
  35  3:13  Pylon  
  35  3:14  Probe (Chrono Boost)  
  36  3:28  Robotics Facility  
  36  3:29  Probe x2 (Chrono Boost)  
  38  3:39  Probe x2 (Chrono Boost)  
  40  3:51  Probe (Chrono Boost)  
  40  3:52  Probe (Chrono Boost)  
  40  3:54  Twilight Council  
  42  4:02  Probe x2 (Chrono Boost)  
  43  4:12  Probe (Chrono Boost), Assimilator  
  43  4:13  Probe (Chrono Boost)  
  43  4:14  Pylon, Assimilator  
  43  4:16  Observer  
  46  4:20  Resonating Glaives  
  46  4:23  Probe x2 (Chrono Boost)  
  48  4:34  Probe (Chrono Boost)  
  48  4:35  Immortal, Probe (Chrono Boost)  
  55  4:46  Probe (Chrono Boost)  
  55  4:47  Probe (Chrono Boost)  
  56  4:58  Probe (Chrono Boost)  
  56  4:59  Probe (Chrono Boost)  
  58  5:01  Gateway  
  58  5:02  Gateway  
  58  5:04  Gateway  
  58  5:09  Gateway  
  58  5:10  Probe (Chrono Boost)  
  58  5:14  Gateway  
  59  5:19  Gateway  
  59  5:24  Templar Archives  
  59  5:28  Probe (Chrono Boost)  
  60  5:34  Adept  
  62  5:37  Pylon  
  62  5:41  Pylon  
  61  5:42  Pylon  
  61  5:48  Pylon  
  61  5:50  Warp Prism  
  63  6:00  Adept x3  
  69  6:06  Pylon  
  67  6:17  High Templar x2  
  67  6:18  High Templar x2  
  75  6:22  Immortal, Archon  
  75  6:23  Archon  
  75  6:24  High Templar x2  
  79  6:28  Archon  
  79  6:30  Adept x2  
  81  6:49  Pylon  
  81  6:50  Pylon  
  81  6:52  Adept x4, Sentry  
  91  7:00  Immortal  
  91  7:28  Adept x8  
  103  7:53  Adept x5  
  103  7:54  Adept x2  
  91  8:13  Adept x2  
  91  8:16  Adept x5  
Tags
 
Add a new tag
Caveats
  • Supply blocks, unpowered buildings, or Contaminate may cause inaccurate times.
  • Supply counts are checked every 10 seconds.